 Dungeon Crawl Stone Soup version 0.15.2 (webtiles) character file.

7307 Zapata the Slicer (level 11, 69/69 HPs)
             Began as a Kobold Berserker on Nov 20, 2014.
             Was a High Priest of Trog.
             Quit the game on Level 10 of the Dungeon on Mar 15, 2015.
             The game lasted 00:25:05 (11717 turns).

Zapata the Slicer (Kobold Berserker)               Turns: 11717, Time: 00:25:05

HP  69/69        AC  9     Str 16      XL: 11   Next: 34%
MP  11/11        EV 23     Int  5      God: Trog [*****.]
Gold 205         SH  0     Dex 19      Spells:  0 memorised, 10 levels left

rFire  + . .     SeeInvis +     a - +4 short sword (venom)
rCold  . . .     Clarity  .     b - +0 animal skin
rNeg   . . .     rCorr    .     (no shield)
rPois  .         rRot     .     j - +2 helmet
rElec  .         Spirit   .     H - +1 cloak
SustAb .         Warding  .     x - +0 pair of gloves
rMut   .         Stasis   .     k - +0 pair of boots
Gourm  +                        h - amulet of the gourmand
MR     .....                    N - ring of see invisible
                                u - ring of protection from fire

@: not resistant to hostile enchantments, quite stealthy
A: carnivore 3
a: Burn Spellbooks, Berserk, Trog's Hand, Brothers in Arms, Renounce Religion


You were on level 10 of the Dungeon.
You worshipped Trog.
Trog was extremely pleased with you.
You were not hungry.

You visited 1 branch of the dungeon, and saw 10 of its levels.

You collected 385 gold pieces.
You spent 180 gold pieces at shops.

Inventory:

Hand weapons
 a - a +4 short sword of venom (weapon)
 A - a +0 short sword
 M - a +2 antimagic cutlass
 Q - a +2 dagger of venom
 S - a +1 dagger of protection
Missiles
 y - 57 bolts
Armour
 b - a +0 animal skin (worn)
 j - a +2 helmet (worn)
 k - a +0 pair of boots (worn)
 x - a +0 pair of gloves (worn)
 H - a +1 cloak (worn)
 P - the +2 cloak of the Evil One {Str-3 Int+1}
   (You found it on level 9 of the Dungeon)

   It affects your strength (-3).
   It affects your intelligence (+1).
Magical devices
 C - a wand of paralysis (16)
 D - a wand of fire (8) {unknown}
 G - a wand of random effects (11)
 O - a wand of disintegration (7)
 R - a wand of draining (3)
Comestibles
 c - 10 meat rations
 r - 12 slices of pizza
 t - 2 beef jerkies
Scrolls
 f - 3 scrolls of teleportation
 g - 2 scrolls of recharging
 i - 4 scrolls of enchant armour
 q - 4 scrolls of fog
 s - a scroll of noise
 z - a scroll of fear
 F - 3 scrolls of magic mapping
 I - a scroll of immolation {unknown}
 J - a scroll of blinking {unknown}
 K - a scroll of random uselessness {unknown}
Jewellery
 d - an uncursed ring of protection from cold
 h - an amulet of the gourmand (around neck)
 u - a ring of protection from fire (left hand)
 E - an uncursed ring of ice
 N - a ring of see invisible (right hand)
 T - an uncursed ring of flight
Potions
 e - a potion of resistance
 l - 3 potions of restore abilities
 m - a potion of cancellation
 n - 5 potions of curing
 o - 2 potions of might {unknown}
 p - 2 potions of heal wounds {unknown}
 v - 3 potions of poison {unknown}
 w - a potion of haste
 B - a potion of berserk rage {unknown}
 L - 3 potions of agility {unknown}


   Skills:
 + Level 8.7 Fighting
 - Level 14.0 Short Blades
 - Level 1.5 Armour
 + Level 9.3 Dodging
 + Level 10.5 Stealth


You had 10 spell levels left.
You didn't know any spells.

Dungeon Overview and Level Annotations

Branches:
Dungeon (10/15)            Temple (0/1) D:4
    Orc: D:9-12        Lair: D:8-11

Altars:
Dithmenos
Elyvilon
Fedhas
Kikubaaqudgha
Nemelex Xobeh
Okawaru
Qazlal
Trog
Vehumet
Xom
Yredelemnul
Zin
The Shining One

Shops:
D:6 *   D:8 (


Innate Abilities, Weirdness & Mutations

You are small and have problems with some larger weapons.
You are carnivorous and can eat meat at any time.


Message History

an arrow of flame; an arrow You see here an arrow of flame.
Things that are here:
a runed glaive; a chain mail
Things that are here:
a falchion; a leather armour
Things that are here:
a trident; a leather armour You see here a short sword.
There is a stone staircase leading down here.
Search for what [Enter for "crossbow", or ? for help]? .
Unknown command.
Saving game... please wait.
Welcome back, Zapata the Kobold Berserker.
Trog says: Kill them all!
Press ? for a list of commands and other information.
(D) Dungeon (T) Temple
Where to? (? - help)
Okay, then.
Are you sure you want to abandon this character and quit the game? (Confirm with "yes".)

....# ##.###.. ....#
#########.(≈≈≈≈≈ ...##
#......(..≈≈)≈≈≈ .#.#
#.######..≈(≈≈≈≈
.#.### ##.# #.#(≈≈≈≈≈
.#...##
#..######.#≈≈≈≈≈≈
.#.#..#####
#.###)).))#≈≈≈≈≈.
..........#
##.###)#####≈≈≈≈≈.
........#.# #@>##).#
#≈≈≈≈≈. ..........###
##(#...## #≈≈≈≈≈≈
............###....###
#≈≈≈≈≈≈
..>......##.##..#.##
##≈≈≈≈≈≈
...(.....##.).....#
#.≈≈≈≈≈≈
.........###..(.###
#.≈≈≈≈≈≈ ........##
##.....# #.##(.##
.......######..##.#
##....## ########
#...(..#.# #....##


There were no monsters in sight!

Vanquished Creatures
  A hill giant (D:10)
  A troll (D:10)
  A two-headed ogre (D:9)
  A wyvern (D:9)
  A human (D:8)
  A hungry ghost (D:9)
  4 yaks (D:9)
  2 hippogriffs
  2 ice beasts
  2 phantoms
  A sky beast (D:9)
  5 orc warriors
  7 ogres
  5 centaurs (D:10)
  7 giant frogs
  A big kobold (D:10)
  An eye of draining (D:10)
  A cyclops skeleton (D:9)
  5 scorpions
  5 killer bees (D:7)
  2 goliath beetles (D:6)
  6 wights
  2 crimson imps
  3 hounds
  A centaur skeleton (D:6)
  Crazy Yiuf (D:5)
  A soldier ant zombie (D:8)
  2 iguanas
  3 jellies
  7 orc wizards
  6 orc priests
  A giant frog skeleton (D:6)
  14 worker ants
  Jessica (D:3)
  A mummy (D:9)
  A worker ant zombie (D:8)
  9 adders
  5 gnolls
  3 shadow imps
  2 worms
  2 giant mites
  An adder skeleton (D:8)
  An orc zombie (D:9)
  8 giant geckos
  An ooze (D:6)
  37 orcs
  2 ball pythons
  A bat skeleton (D:7)
  A bat zombie (D:7)
  8 hobgoblins
  4 jackals (D:8)
  18 kobolds
  6 quokkas
  10 bats
  5 giant cockroaches
  2 giant newts (D:4)
  18 goblins
  2 orc skeletons
  9 rats
  A spectral orc (D:2)
  7 ballistomycetes (D:10)
  A fungus (D:5)
270 creatures vanquished.

Vanquished Creatures (collateral kills)
  2 yaks (D:9)
  A giant frog (D:8)
  A crimson imp (D:8)
  A wight (D:8)
  2 orc priests (D:8)
  An orc wizard (D:8)
8 creatures vanquished.

Vanquished Creatures (others)
  An ogre (D:9)
  A hound (D:10)
  A hobgoblin (D:4)
  2 giant spores
  A kobold (D:10)
6 creatures vanquished.

Grand Total: 284 creatures vanquished

Notes
Turn   | Place    | Note
--------------------------------------------------------------
     0 | D:1      | Zapata, the Kobold Berserker, began the quest for the Orb.
     0 | D:1      | Reached XP level 1. HP: 14/14 MP: 1/1
   177 | D:1      | Reached XP level 2. HP: 8/19 MP: 2/2
   512 | D:1      | Reached skill level 5 in Short Blades
   786 | D:1      | Reached XP level 3. HP: 23/23 MP: 3/3
  1283 | D:2      | Reached skill level 6 in Short Blades
  1283 | D:2      | Reached XP level 4. HP: 19/28 MP: 4/4
  1324 | D:2      | Acquired Trog's second power
  1617 | D:2      | Found a basalt altar of Yredelemnul.
  2258 | D:3      | Noticed Jessica
  2273 | D:3      | Killed Jessica
  2273 | D:3      | Reached skill level 7 in Short Blades
  2273 | D:3      | Reached XP level 5. HP: 24/32 MP: 5/5
  2402 | D:3      | Found a blossoming altar of Fedhas.
  2709 | D:4      | Found a white marble altar of Elyvilon.
  2863 | D:4      | Noticed an ogre
  2872 | D:4      | Killed an ogre
  2872 | D:4      | Reached skill level 8 in Short Blades
  2872 | D:4      | Reached XP level 6. HP: 37/37 MP: 6/6
  2932 | D:4      | Noticed an ogre
  2942 | D:4      | Killed an ogre
  2942 | D:4      | Reached skill level 9 in Short Blades
  3026 | D:4      | Found an iron altar of Okawaru.
  3063 | D:4      | Reached XP level 7. HP: 41/41 MP: 7/7
  3148 | D:4      | Reached skill level 10 in Short Blades
  3320 | D:4      | Found a staircase to the Ecumenical Temple.
  3427 | D:4      | Reached skill level 1 in Stealth
  3728 | D:4      | Found a radiant altar of Vehumet.
  3730 | D:4      | Found a stormy altar of Qazlal.
  4009 | D:5      | Entered Level 5 of the Dungeon
  4072 | D:5      | Reached XP level 8. HP: 48/48 MP: 8/8
  4527 | D:5      | Found a shimmering altar of Xom.
  4527 | D:5      | Found a shimmering altar of Xom.
  4527 | D:5      | Found a shimmering altar of Xom.
  4528 | D:5      | Found a shimmering altar of Xom.
  4577 | D:5      | Found an ancient bone altar of Kikubaaqudgha.
  4774 | D:5      | Acquired Trog's third power
  4992 | D:5      | You fall through a shaft!
  4992 | D:6      | Found a sparkling altar of Nemelex Xobeh.
  5115 | D:6      | Reached skill level 5 in Fighting
  5115 | D:6      | Reached skill level 5 in Dodging
  5284 | D:6      | Reached skill level 5 in Stealth
  5324 | D:6      | Reached XP level 9. HP: 54/54 MP: 9/9
  5445 | D:6      | Found a bloodstained altar of Trog.
  5663 | D:5      | Noticed Crazy Yiuf
  5669 | D:5      | Killed Crazy Yiuf
  5765 | D:6      | Found Wacisiw's General Store.
  5770 | D:6      | Bought a potion of haste for 105 gold pieces
  5770 | D:6      | Bought a potion of restore abilities for 45 gold pieces
  5770 | D:6      | Bought a scroll of identify for 30 gold pieces
  7291 | D:7      | Found a glowing silver altar of Zin.
  7862 | D:8      | Found an ancient bone altar of Kikubaaqudgha.
  8208 | D:8      | Found a glowing golden altar of the Shining One.
  8263 | D:8      | Reached XP level 10. HP: 63/63 MP: 10/10
  8325 | D:8      | Received a gift from Trog
  8356 | D:8      | Found Kleuq's Weapon Boutique.
  8374 | D:8      | Found a shadowy altar of Dithmenos.
  8391 | D:8      | Reached skill level 11 in Short Blades
  9098 | D:9      | Reached skill level 12 in Short Blades
  9180 | D:9      | Got a twisted cloak
  9191 | D:9      | Identified the cursed +2 cloak of the Evil One {Str-3 Int+1} (You found it on level 9 of the Dungeon)
  9270 | D:9      | Reached skill level 13 in Short Blades
  9804 | D:9      | Reached skill level 14 in Short Blades
 10028 | D:10     | Entered Level 10 of the Dungeon
 10068 | D:10     | Reached XP level 11. HP: 65/68 MP: 3/11
 10805 | D:10     | Noticed a hill giant
 10825 | D:10     | Killed a hill giant
 10883 | D:10     | Reached skill level 10 in Stealth
 11717 | D:10     | Quit the game

Action                   |  1- 3 |  4- 6 |  7- 9 | 10-12 || total
-------------------------+-------+-------+-------+-------++-------
Melee: Short sword       |    95 |   166 |    46 |   179 ||   486
       Dagger            |       |       |   866 |    17 ||   883
       Cutlass           |       |       |       |   277 ||   277
Invok: Berserk           |     2 |     5 |    14 |     6 ||    27
       Brothers in Arms  |       |       |       |     2 ||     2
       Burn Spellbooks   |       |       |       |     1 ||     1
Evoke: Wand              |       |       |     2 |     1 ||     3
  Use: Potion            |       |     1 |       |       ||     1
       Scroll            |       |       |    10 |     3 ||    13
 Stab: Sleeping          |       |     1 |    14 |    12 ||    27
       Distracted        |       |       |     1 |     2 ||     3
  Eat: Chunk             |     7 |    10 |    31 |    18 ||    66
       Beef jerky        |       |       |     1 |       ||     1
